 Dungeon Crawl Stone Soup version 0.23-a0-290-g290e36d (webtiles) character file.

577 Amnesiac the Ducker (level 7, -16/44 HPs)
             Began as a Deep Elf Fighter on Oct 3, 2018.
             Demolished by an ogre
             ... wielding a +0 giant club
              (22 damage)
             ... on level 4 of the Dungeon.
             The game lasted 00:10:40 (4752 turns).

Amnesiac the Ducker (Deep Elf Fighter)              Turns: 4752, Time: 00:10:41

Health: -16/44     AC: 10    Str: 15    XL:     7   Next: 13%
Magic:  9/9        EV:  9    Int: 13    God:
Gold:   120        SH:  8    Dex: 14    Spells: 6/6 levels left

rFire    . . .     SeeInvis .   b - +0 hunting sling
rCold    . . .     Gourm    .   c - +0 shield
rNeg     . . .     Faith    .   g - +0 scale mail
rPois    .         Spirit   .   (no helmet)
rElec    .         Reflect  .   p - +0 cloak
rCorr    .         Harm     .   (no gloves)
MR       .....                  h - +1 pair of boots
Stlth    ..........             (no amulet)
HPRegen  0.14/turn              (no ring)
MPRegen  0.11/turn              (no ring)

@: no status effects
A: no striking features
a: no special abilities


You were on level 4 of the Dungeon.
You were near starving.

You visited 1 branch of the dungeon, and saw 4 of its levels.

You collected 120 gold pieces.

Inventory:

Hand Weapons
 a - a +0 long sword
 b - a +0 hunting sling (weapon)
Missiles
 i - 32 arrows
 k - 139 stones
 s - 2 sling bullets (quivered)
Armour
 c - a +0 shield (worn)
 g - a +0 scale mail (worn)
 h - a +1 pair of boots (worn)
 p - a +0 cloak (worn)
Scrolls
 l - 2 scrolls of enchant armour {!r}
 m - a scroll of random uselessness {!r, unknown}
 n - 2 scrolls of fear {!r}
 o - 2 scrolls of enchant weapon {!r}
 r - 4 scrolls of teleportation {!r}
Potions
 d - 3 potions of might {!q}
 e - 3 potions of curing {!q}
 j - a potion of haste {!q}
 q - a potion of brilliance {!q}
Comestibles
 f - 10 rations


   Skills:
 * Level 4.4 Fighting
 - Level 2.0 Long Blades
 * Level 4.4 Armour
 + Level 4.5 Dodging
 - Level 2.4 Shields


You had 6 spell levels left.
You didn't know any spells.
Your spell library was empty.

Dungeon Overview and Level Annotations

Branches:
Dungeon (4/15)
 Temple: D:4-7

Altars:
Vehumet

Shops:
D:4 (

Annotations:
D:3 Edmund


Message History

You shoot a sling bullet.
The sling bullet barely misses the ogre.
Firing (i - inventory. (/) - cycle)
s - 11 sling bullets (quivered)
Press: ? - help, Shift-Dir - straight line, f/p - ogre
Aim: an ogre, wielding a giant club (heavily wounded)
You shoot a sling bullet.
The sling bullet barely misses the ogre.
Your extra speed is starting to run out.
Firing (i - inventory. (/) - cycle)
s - 10 sling bullets (quivered)
Press: ? - help, Shift-Dir - straight line, f/p - ogre
Aim: an ogre, wielding a giant club (heavily wounded)
You shoot a sling bullet.
The sling bullet hits the ogre but does no damage.
The ogre is heavily wounded.
Firing (i - inventory. (/) - cycle)
s - 9 sling bullets (quivered)
Press: ? - help, Shift-Dir - straight line, f/p - ogre
Aim: an ogre, wielding a giant club (heavily wounded)
You shoot a sling bullet.
The sling bullet closely misses the ogre.
Firing (i - inventory. (/) - cycle)
s - 8 sling bullets (quivered)
Press: ? - help, Shift-Dir - straight line, f/p - ogre
Aim: an ogre, wielding a giant club (heavily wounded)
You shoot a sling bullet. The sling bullet hits the ogre.
The ogre is heavily wounded.
You feel yourself slow down.
Unknown command.
Firing (i - inventory. (/) - cycle)
s - 7 sling bullets (quivered)
Press: ? - help, Shift-Dir - straight line, f/p - ogre
Aim: an ogre, wielding a giant club (heavily wounded)
You shoot a sling bullet.
The sling bullet barely misses the ogre.
You block the ogre's attack.
Firing (i - inventory. (/) - cycle)
s - 6 sling bullets (quivered)
Press: ? - help, Shift-Dir - straight line, f/p - ogre
Aim: an ogre, wielding a giant club (heavily wounded)
You shoot a sling bullet.
The sling bullet barely misses the ogre.
The ogre hits you with a giant club.
Unknown command.
Okay, then.
Firing (i - inventory. (/) - cycle)
s - 5 sling bullets (quivered)
Press: ? - help, Shift-Dir - straight line, f/p - ogre
Aim: an ogre, wielding a giant club (heavily wounded)
You shoot a sling bullet. The sling bullet hits the ogre.
The ogre is severely wounded.
Unknown command.
Firing (i - inventory. (/) - cycle)
s - 4 sling bullets (quivered)
Press: ? - help, Shift-Dir - straight line, f/p - ogre
Aim: an ogre, wielding a giant club (severely wounded)
You shoot a sling bullet.
The sling bullet closely misses the ogre.
The ogre hits you with a giant club!!
Ouch! That really hurt!
* * * LOW HITPOINT WARNING * * *
You are too injured to fight recklessly!
You are too injured to fight recklessly!
Firing (i - inventory. (/) - cycle)
s - 3 sling bullets (quivered)
Press: ? - help, Shift-Dir - straight line, f/p - ogre
Aim: an ogre, wielding a giant club (severely wounded)
You shoot a sling bullet. The sling bullet hits the ogre.
The ogre is severely wounded.
The ogre hits you with a giant club!!
Ouch! That really hurt!
You die...

#...[.##.#### #
#.....#.....##.. #
#.....#........# #
##....<....#.
#####....(...#<#.## ####
..(...(..#####O#..# ......
.###.###.# #.##.##...... ##
#.....# #.##.#....... ##
##...### #..@.........
.####.....# ##.##O#......
..........# #..##(.......
.(..#.....###..##..(#####
#.(............##...# #####
#...#......###>...#.# #...#
....(##....#......#.#####...#
.(.......((....(.......)....#
.....##.##............###...#


You could see an ogre.

Vanquished Creatures
  An ogre (D:4)
  2 phantoms (D:4)
  A scorpion (D:3)
  A hound (D:4)
  A centaur skeleton (D:4)
  An orc wizard (D:4)
  An iguana (D:3)
  2 adders
  4 gnolls
  An ooze (D:2)
  An adder zombie (D:1)
  A worm (D:3)
  A dart slug (D:1)
  3 leopard geckos
  3 orcs
  4 giant cockroaches
  9 goblins
  10 hobgoblins
  A quokka (D:3)
  3 ball pythons
  4 bats
  4 frilled lizards
  A jackal zombie (D:1)
  6 kobolds
  8 rats
74 creatures vanquished.

Vanquished Creatures (others)
  An orc wizard (D:4)
  A bush (D:3)
  A plant (D:3)
3 creatures vanquished.

Grand Total: 77 creatures vanquished

Notes
Turn   | Place    | Note
-------+----------+-------------------------------------------
     0 | D:1      | Amnesiac the Deep Elf Fighter began the quest for the Orb.
     0 | D:1      | Reached XP level 1. HP: 13/13 MP: 3/3
    56 | D:1      | Reached skill level 1 in Dodging
   236 | D:1      | Reached XP level 2. HP: 7/18 MP: 4/4
   705 | D:3      | Found a radiant altar of Vehumet.
   730 | D:2      | Reached XP level 3. HP: 21/22 MP: 5/5
  1139 | D:4      | Noticed an ogre
  2237 | D:1      | Reached XP level 4. HP: 27/27 MP: 6/6
  3235 | D:3      | Reached XP level 5. HP: 29/32 MP: 7/7
  3572 | D:4      | Noticed Edmund
  3576 | D:4      | Found Lauloif's Weapon Emporium.
  3581 | D:4      | Noticed a phantom
  3816 | D:4      | Reached XP level 6. HP: 24/38 MP: 8/8
  4481 | D:4      | Reached XP level 7. HP: 28/44 MP: 9/9
  4752 | D:4      | Demolished by an ogre

Vault maps used:
D:1:      saegor_arrival_fortress, minmay_split_cup_large
D:3:      nicolae_overflow_crystal_walls, serial_forest,
          infiniplex_forest_clump_tiny, infiniplex_forest_clump_small,
          infiniplex_forest_end_2, infiniplex_forest_end_3,
          infiniplex_forest_side_room, infiniplex_forest_straight_5,
          infiniplex_forest_lined_room_3
D:4:      serial_shops, shop, minmay_misc_feat_pillars, uniq_edmund

Skill      XL: |  1  2  3  4  5  6 |
---------------+-------------------+-----
Dodging        | 1 2 3 4 |  4.5
Long Blades    | 2 |  2.0
Armour         | 3 4 |  4.4
Fighting       | 3 4 |  4.4
Shields        | |  2.4

Action                   |  1- 3 |  4- 6 |  7- 9 || total
-------------------------+-------+-------+-------++-------
Melee: Long sword        |    65 |    33 |       ||    98
 Fire: Hunting sling     |   109 |   195 |    26 ||   330
  Use: Potion            |     1 |     4 |     1 ||     6
       Scroll            |       |     8 |       ||     8
  Eat: Chunk             |     4 |     3 |       ||     7
       Ration            |       |     1 |       ||     1
Armor: Scale mail        |    57 |    48 |       ||   105
Dodge: Dodged            |    39 |    43 |     1 ||    83
Block: Shield            |    60 |    63 |     2 ||   125
       Rpst.: Long sword |     7 |     6 |       ||    13

Table legend:
 A = Non-vault XP
 B = Vault XP
 C = Vault XP percentage of total XP
 D = Non-vault monster count
 E = Vault monster count
 F = Vault count percentage of total count
                 A         B        C        D         E       F
            +---------+---------+-------+---------+---------+-------
      Total |     812 |      13 |   1.6 |      69 |       6 |   8.0
            +---------+---------+-------+---------+---------+-------
        D:1 |      22 |      13 |  37.1 |      12 |       6 |  33.3
        D:2 |      55 |       0 |   0.0 |      16 |       0 |   0.0
        D:3 |     192 |       0 |   0.0 |      26 |       0 |   0.0
        D:4 |     543 |       0 |   0.0 |      15 |       0 |   0.0
            +---------+---------+-------+---------+---------+-------
